 Dungeon Crawl Stone Soup version 0.30-a0-719-gcc4359ea44 (webtiles) character file.

Game seed: 17108702226547732335

64 zinnoa the Magician (level 4, 0/31 HPs)
             Began as a Djinni Fire Elementalist on Jan 26, 2023.
             Slain by a quokka (3 damage)
             ... on level 2 of the Dungeon.
             The game lasted 00:06:10 (1723 turns).

zinnoa the Magician (Djinni Fire Elementalist)      Turns: 1723, Time: 00:06:11

Health: 0/31       AC:  2    Str:  7    XL:     4   Next: 32%
Gold:   53         EV: 12    Int: 18    God:
                   SH:  0    Dex: 14

rFire   + + .      SeeInvis .    (no weapon)
rCold   x . .      Faith    .    (no shield)
rNeg    . . .      Spirit   .    a - +0 robe
rPois   ∞          Reflect  .    (no helmet)
rElec   .          Harm     .    (no cloak)
rCorr   .          Rampage  .    (no gloves)
Will    .....                    (boots unavailable)
Stlth   ++                       (no amulet)
HPRegen 0.25/turn                (no ring)
MPRegen 0.00/turn                (no ring)

@: flying
A: sickness immunity, fire resistance 2, cold vulnerability 1, float, innate
caster, HP casting, extra vitality 1
a: no special abilities


You were on level 2 of the Dungeon.
You visited 1 branch of the dungeon, and saw 2 of its levels.

You collected 53 gold pieces.

Inventory:

Armour
 a - a +0 robe (worn)
Scrolls
 c - a scroll of teleportation {unknown}
 d - 6 scrolls of identify {unknown}
 e - 2 scrolls of amnesia {unknown}
 f - a scroll of enchant weapon {unknown}
 g - a scroll of enchant armour {unknown}
 i - a scroll of noise {unknown}
Potions
 b - a potion of magic
 h - a potion of brilliance {unknown}
 j - a potion of curing {unknown}


   Skills:
 + Level 2.3 Dodging
 + Level 1.7 Stealth
 + Level 3.6 Spellcasting


You couldn't memorise any spells.
You knew the following spells:

 Your Spells              Type           Power      Damage    Failure   Level
a - Foxfire               Conj/Fire      64%        2x1d7     3%          1
b - Scorch                Fire           32%        2d6       4%          2
c - Kindle Blastsparks    Fire/Tloc/Air  32%        2d12      10%         3
d - Inner Flame           Hex/Fire       16%        N/A       10%         3
e - Flame Wave            Conj/Fire      16%        2d7       32%         4
f - Summon Small Mammal   Summ           64%        N/A       3%          1
Your spell library was empty.

Dungeon Overview and Level Annotations

Branches:
Dungeon (2/15)

Altars:


Innate Abilities, Weirdness & Mutations

You are immune to sickness and miasma.
You are immune to poison.
Your flesh is very heat resistant. (rF++)
You are vulnerable to cold. (rC-)
You float through the air rather than walking.
You learn spells naturally, not from books.
Your magical power is your life essence.
You have superior vitality. (+4 MHP)


Message History

Confirm with . or Enter, or press ? or * to list all spells.
Flames lash the hobgoblin.
The hobgoblin is burned terribly!
You kill the hobgoblin!
The quokka bites you.
* * * LOW HITPOINT WARNING * * *
A frilled lizard comes into view.
A goblin comes into view. It is wielding a +0 club.
The quokka bites you.
* * * LOW HITPOINT WARNING * * *
Casting: Scorch (safe; 4% risk of failure)
Confirm with . or Enter, or press ? or * to list all spells.
Flames lash the frilled lizard.
You kill the frilled lizard!
* * * LOW HITPOINT WARNING * * *
The quokka misses you.
Casting: Scorch (safe; 4% risk of failure)
Confirm with . or Enter, or press ? or * to list all spells.
Flames lash the goblin.
You kill the goblin!
* * * LOW HITPOINT WARNING * * *
The quokka bites you.
* * * LOW HITPOINT WARNING * * *
Casting: Scorch (safe; 4% risk of failure)
Confirm with . or Enter, or press ? or * to list all spells.
You miscast Scorch.
Nothing appears to happen.
* * * LOW HITPOINT WARNING * * *
The quokka closely misses you.
Casting: Scorch (safe; 4% risk of failure)
Confirm with . or Enter, or press ? or * to list all spells.
You don't have enough health to cast this spell.
The quokka barely misses you.
The quokka bites you but does no damage.
The quokka twitches its whiskers.
Your magical contamination has completely faded away.
Casting: Scorch (safe; 4% risk of failure)
Confirm with . or Enter, or press ? or * to list all spells.
Flames lash the quokka but do no damage.
* * * LOW HITPOINT WARNING * * *
The quokka bites you.
You die...

#..####.
####.....##..###...
#.##(). ##..####..#
#### #..##†#
####...##....# #
##..#.##
##.#....##.#.## #
##....#
#...[##.##.#.# #
#...## ##.#.##......#
#
##...###...###......#
###
#.#..#.....##......#
#..
#.##....r@.........#
#.#
#....#..##.###.....#
#.# ####.##.##.#
####### #.# #.##.##.#
#.# #.......# #.#
####.#### ########
#.# #.# #......# #.#
#.# #.####.# #.#
#.#######.####.###.#


You could see a quokka.

Vanquished Creatures
  2 adders (D:2)
  2 worms (D:2)
  A dart slug (D:1)
  2 bats (D:2)
  2 endoplasms (D:2)
  2 goblins (D:2)
  5 hobgoblins
  2 jackals (D:1)
  2 quokkas (D:1)
  4 ball pythons
  6 frilled lizards
  6 kobolds
  4 rats (D:1)
40 creatures vanquished.

Vanquished Creatures (collateral kills)
  A foxfire (D:1)
1 creature vanquished.

Vanquished Creatures (others)
  123 foxfires
123 creatures vanquished.

Grand Total: 164 creatures vanquished

Notes
Turn   | Place    | Note
-------+----------+-------------------------------------------
     0 | D:1      | zinnoa the Djinni Fire Elementalist began the quest for the
                  | Orb.
     0 | D:1      | zinnoa set off with the following spells memorised:
                  | Foxfire, Scorch, Kindle Blastsparks, Inner Flame, Flame
                  | Wave.
     0 | D:1      | Reached XP level 1. HP: 15/15 MP: 0/0
    73 | D:1      | Reached XP level 2. HP: 2/21 MP: 0/0
   504 | D:1      | Reached skill level 3 in Spellcasting
   532 | D:1      | Reached XP level 3. HP: 23/25 MP: 0/0
   532 | D:1      | Learned a level 1 spell: Summon Small Mammal
  1574 | D:2      | Reached XP level 4. HP: 28/31 MP: 0/0
  1723 | D:2      | Slain by a quokka

Illustrated notes

Levels and vault maps discovered:
D:1:      amcnicky_arrival_double_pillar, layout_basic, minmay_tromino_mix6
D:2:      layout_loops_cross, minmay_fractal_squares_gapless_5

Skill      XL: |  1  2 |
---------------+-------+-----
Spellcasting   | 3 |  3.6
Dodging        | |  2.3
Stealth        | |  1.7

Action                     |  1- 3 |  4- 6 || total
---------------------------+-------+-------++-------
   Cast: Foxfire           |    80 |     2 ||    82
         Inner Flame       |     9 |     2 ||    11
         Summon Small Mamm |     6 |       ||     6
         Scorch            |     4 |     9 ||    13
 Armour: Robe              |     1 |     1 ||     2
  Dodge: Dodged            |     5 |     3 ||     8

Table legend: (Time is in decaauts)
 A = Elapsed time spent in this place.
 B = Non-inter-level travel time spent in this place.
 C = Inter-level travel time spent in this place.
 D = Time resting spent in this place.
 E = Time spent auto-exploring this place.
 F = Levels seen in this place.
 G = Mean time per level.
                   A        B        C        D        E       F      G
               +--------+--------+--------+--------+--------+-----+--------+
         Total |   1722 |   1715 |      7 |    486 |    954 |   2 |  861.0 |
       Dungeon |   1722 |   1715 |      7 |    486 |    954 |   2 |  861.0 |
               +--------+--------+--------+--------+--------+-----+--------+

Top non-repeatable levels by time:
     D:1: 1145 daAuts
     D:2: 577 daAuts
